 Dungeon Crawl Stone Soup version 0.20.1-1-g8b1a95d (webtiles) character file.

117 Internecine the Bolt Thrower (level 4, 0/37 HPs)
             Began as a Demigod Hunter on Sept 23, 2017.
             Slain by a hippogriff (1 damage)
             ... on level 3 of the Dungeon.
             The game lasted 00:25:17 (2672 turns).

Internecine the Bolt Thrower (Demigod Hunter)       Turns: 2672, Time: 00:25:18

Health: 0/37       AC:  5    Str: 20    XL:     4   Next: 44%
Magic:  0/6        EV: 12    Int: 15    God:
Gold:   75         SH:  0    Dex: 18    Spells: 3/3 levels left

rFire    . . .     SeeInvis .   a - +1 hand crossbow
rCold    . . .     Gourm    .   (no shield)
rNeg     . . .     Faith    .   c - +0 leather armour
rPois    .         Spirit   +   Q - +0 helmet
rElec    .         Reflect  .   J - scarf {Spirit}
rCorr    .         Harm     .   (no gloves)
MR       .....                  K - +0 pair of boots
Stlth    ++........             (no amulet)
Regen    0.2/turn               (no ring)
MPRegen  0.1/turn               (no ring)

@: mighty
A: high mp 1
a: no special abilities


You were on level 3 of the Dungeon.
You were not hungry.

You visited 1 branch of the dungeon, and saw 3 of its levels.

You collected 75 gold pieces.

Inventory:

Hand Weapons
 a - a +1 hand crossbow (weapon)
 b - a +0 short sword
 j - a +0 dagger
 m - a +0 dagger
 n - a +0 club
 p - a +0 club
 q - a +0 whip
 v - a +0 club
 w - a cursed -3 short sword
 x - a +0 dagger
 y - a +0 quarterstaff
 A - a +0 hand axe
 B - a +0 whip
 D - a +0 dagger
 E - a +0 hunting sling
 G - a +0 dagger
 H - a +5 club
 I - a +0 hunting sling
 L - a +0 dagger
 M - a +0 trident
 N - a +0 dagger
 O - a +0 dagger
Missiles
 e - 33 stones
 i - 5 bolts (quivered)
 u - 16 sling bullets
Armour
 c - a +0 leather armour (worn)
 h - a +0 robe
 o - a +0 robe
 J - a scarf of spirit shield (worn)
 K - a +0 pair of boots (worn)
 P - a +0 animal skin
 Q - a +0 helmet (worn)
Wands
 z - a wand of polymorph (15/24)
Scrolls
 g - 2 scrolls of identify {unknown}
 s - a scroll of remove curse {unknown}
 C - 3 scrolls of immolation {unknown}
 F - a scroll of enchant weapon {unknown}
Potions
 t - a potion of might
Comestibles
 f - 3 bread rations
 k - a meat ration
 l - 2 royal jellies
 r - 3 fruits


   Skills:
 + Level 2.3 Fighting
 + Level 5.0 Crossbows
 + Level 1.1 Armour
 + Level 2.0 Dodging
 + Level 1.0 Stealth


You had 3 spell levels left.
You didn't know any spells.

Dungeon Overview and Level Annotations

Branches:
Dungeon (3/15)


Innate Abilities, Weirdness & Mutations

You have an increased reservoir of magic. (+10% MP)


Message History

You shoot a bolt. The bolt closely misses the hippogriff.
The bolt hits the kobold.
The kobold is moderately wounded.
The hippogriff misses you. The hippogriff pecks you.
The hippogriff claws you but does no damage.
Firing (i - inventory. (,) - cycle):
i - 6 bolts (quivered)
Press: ? - help, Shift-Dir - straight line, f/p - hippogriff
Aim: a hippogriff (severely wounded)
You shoot a bolt. The bolt hits the hippogriff.
The hippogriff is almost dead.
The hippogriff barely misses you. The hippogriff closely misses you.
The hippogriff claws you!
* * * LOW HITPOINT WARNING * * *
The hippogriff barely misses you. The hippogriff closely misses you.
The hippogriff claws you but does no damage.
You feel very mighty all of a sudden. The hippogriff bites you!
* * * LOW HITPOINT WARNING * * *
The hippogriff pecks you.
You die...

.. #### .
..≈ ≈ .
#..≈ ..
.#.(. ._.
####.#(
≈...
#.<#.(#..≈
##.#K..#
##.#H#
#..#@#
##.#.#
#....#
######


You could see a hippogriff and a kobold.

Vanquished Creatures
  Robin (D:2)
  4 adders (D:2)
  An ooze (D:2)
  2 worms (D:2)
  3 dart slugs (D:2)
  3 leopard geckos
  2 giant cockroaches
  13 goblins
  5 hobgoblins
  4 jackals (D:1)
  3 bats (D:1)
  2 frilled lizards (D:1)
  6 kobolds
  2 rats (D:2)
51 creatures vanquished.

Notes
Turn   | Place    | Note
-------+----------+-------------------------------------------
     0 | D:1      | Internecine the Demigod Hunter began the quest for the Orb.
     0 | D:1      | Reached XP level 1. HP: 17/17 MP: 3/3
   885 | D:1      | Reached XP level 2. HP: 24/24 MP: 4/4
   886 | D:1      | Reached skill level 4 in Crossbows
  1261 | D:2      | Reached XP level 3. HP: 25/29 MP: 5/5
  1429 | D:2      | Reached skill level 1 in Stealth
  1983 | D:2      | Reached XP level 4. HP: 27/36 MP: 4/6
  2215 | D:2      | Noticed Robin
  2230 | D:2      | Reached skill level 1 in Armour
  2244 | D:2      | Killed Robin
  2244 | D:2      | Reached skill level 5 in Crossbows
  2659 | D:3      | Noticed a hippogriff
  2660 | D:3      | Found a sacrificial altar of Ru.
  2672 | D:3      | HP: 1/37 [hippogriff (9)]
  2672 | D:3      | Slain by a hippogriff

Skill      XL: |  1  2  3  4 |
---------------+-------------+-----
Crossbows      | 4 5 |  5.0
Fighting       | 2 |  2.3
Stealth        | 1 |  1.0
Armour         | 1 |  1.1
Dodging        | 2 |  2.0

Action                   |  1- 3 |  4- 6 || total
-------------------------+-------+-------++-------
Melee: Unarmed           |       |     4 ||     4
       Short sword       |       |     2 ||     2
 Fire: Hand crossbow     |    76 |    33 ||   109
Throw: Stone             |       |     2 ||     2
  Use: Potion            |       |     5 ||     5
  Eat: Chunk             |     3 |     2 ||     5
Armor: Leather armour    |     7 |    11 ||    18
Dodge: Dodged            |    19 |    26 ||    45
